 Dungeon Crawl Stone Soup version 0.29.0-4-gdea44cf6ec (webtiles) character file.

Game seed: 16247649356637896230

14230 qw the Grappler (level 11, -4/104 HPs)
             Began as a Troll Cinder Acolyte on Sept 2, 2022.
             Was a Believer of Ignis.
             Slain by Urug
             ... wielding a +2 halberd
              (9 damage)
             ... on level 11 of the Dungeon.
             The game lasted 00:06:47 (10188 turns).

qw the Grappler (Troll Cinder Acolyte)             Turns: 10188, Time: 00:06:48

Health: -4/104     AC: 16    Str: 34    XL:     11   Next: 86%
Magic:  11/11      EV:  8    Int: 10    God:    Ignis [**....]
Gold:   621        SH:  9    Dex:  5    Spells: 12/12 levels left

rFire   + + .      SeeInvis .     - Unarmed
rCold   + + .      Faith    .   t - +0 kite shield
rNeg    . . .      Spirit   .   m - +2 robe {rC+ rF+}
rPois   .          Reflect  .   (helmet restricted)
rElec   .          Harm     .   s - +2 cloak
rCorr   .          Rampage  .   (gloves unavailable)
Will    +....                   (boots unavailable)
Stlth   +.........              (no amulet)
HPRegen 1.07/turn               r - ring of protection from cold
MPRegen 0.12/turn               i - +6 ring of strength

@: fiery-armoured
A: large, unfitting armour, claws 3, regeneration 1, shaggy fur 1, tough skin 1,
strong-willed 1
a: Renounce Religion, Fiery Armour, Foxfire Swarm, Rising Flame


You were on level 11 of the Dungeon.
You worshipped Ignis.
Ignis was pleased with you.
You visited 1 branch of the dungeon, and saw 11 of its levels.
You also visited: Sewer and Ossuary.

You collected 726 gold pieces.
You spent 105 gold pieces at shops.


Innate Abilities, Weirdness & Mutations

You are too large for most types of armour.
You have claws for hands.
Your natural rate of healing is unusually fast.
You are covered in fur. (AC +1)
You have tough skin. (AC +1)
You are strong-willed. (Will+)


   Skills:
 - Level 5.5 Fighting
 + Level 4.3 Throwing
 - Level 1.0 Armour
 - Level 1.4 Dodging
 - Level 10.0 Shields
 - Level 14.0 Unarmed Combat
 - Level 1.0 Spellcasting
 - Level 2.1 Fire Magic


You had 12 spell levels left.
You didn't know any spells.
Your spell library contained the following spells:

 Spells                   Type           Power      Damage    Failure   Level
 Scorch                   Fire           8%         2d5       36%         2

Inventory:

Missiles
 h - 2 silver javelins
 l - 4 large rocks (quivered)
 u - 11 boomerangs
 v - 3 silver boomerangs
 w - 2 javelins
Armour
 m - a +2 robe of resistance (worn)
 n - a +0 troll leather armour {Pargi}
 s - a +2 cloak (worn)
 t - a +0 kite shield (worn)
Jewellery
 i - a +6 ring of strength (right claw)
 r - a ring of protection from cold (left claw)
Scrolls
 a - 2 scrolls of teleportation
 c - a scroll of identify
 e - a scroll of brand weapon
 k - 2 scrolls of enchant weapon
 o - 3 scrolls of enchant armour
Potions
 b - 5 potions of resistance
 d - 4 potions of mutation
 f - a potion of might
 g - 4 potions of haste
 j - 4 potions of curing
 q - a potion of cancellation
 x - a potion of ambrosia {unknown}

Dungeon Overview and Level Annotations

Branches:
Dungeon (11/15)            Temple (0/1) D:5            Lair (0/5) D:10
    Orc (0/2) D:10          Sewer (visited)         Ossuary (visited)

Altars:
Elyvilon
Hepliaklqana
Trog
Xom

Shops:
D:7 *   D:9 (

Annotations:
D:8 1 runed translucent door, qw's ghost, novice TeWr
D:11 Urug


Message History

The troll is burned by your cloak of flames.
The troll is almost dead.
You claw the troll!
You kill the troll!
You start resting.
HP restored.
l - 4 large rocks (gained 1) Urug the Orcish Ballista comes into view.
She is wielding a +2 halberd.
Enter note: Urug drinks a potion.
Urug flickers and vanishes!
Deactivating autopickup; reactivate with Ctrl-A.
You swing at nothing.
A javelin appears from out of thin air!
The javelin pierces through you!
You swing at nothing.
A javelin appears from out of thin air!
The javelin pierces through you.
You swing at nothing.
You swing at nothing.
A javelin appears from out of thin air!
The javelin pierces through you!
You swing at nothing.
You swing at nothing.
You swing at nothing.
You swing at nothing.
A javelin appears from out of thin air!
The javelin pierces through you!
You swing at nothing.
You swing at nothing.
Something hits you!!
You swing at nothing.
A javelin appears from out of thin air!
The javelin pierces through you.
You swing at nothing.
Something hits you.
You swing at nothing.
Something hits you!!
You swing at nothing.
Something hits you but does no damage.
You swing at nothing.
Something hits you!
You swing at nothing.
You swing at nothing.
Something hits you!
You die...

.. ##
............##
.............#
.............#
.............#
............#
......{.$...#
#..........#
#.....@...#
##........#
#........#
##.......#
##......#
..............#
....>..........#
................#
................##


There were no monsters in sight!

Vanquished Creatures
  Harold (D:9)
  2 two-headed ogres
  A centaur warrior (D:8)
  A tengu warrior (D:8)
  Pikel (D:6)
  A cyclops (D:11)
  2 komodo dragons (D:10)
  A kobold demonologist (D:9)
  3 trolls
  2 hornets
  A slime creature (D:7)
  A spriggan (shapeshifter) (D:8)
  Sigmund (D:3)
  2 wraiths
  11 yaks
  9 wyverns
  A vampire (D:10)
  Eustachio (D:5)
  Menkaure (D:4)
  A steam dragon (D:10)
  An acid dragon (D:8)
  4 water moccasins (D:10)
  Pargi (Sewer)
  4 orc warriors
  A sky beast (D:6)
  A black bear (D:5)
  2 ogres
  6 centaurs
  3 lemures (D:6)
  A phantom (D:4)
  2 kobold brigands
  3 bullfrogs (D:7)
  Blork the orc (D:5)
  A gnoll sergeant (D:7)
  2 necrophages
  3 scorpions
  8 wights
  3 killer bees (D:8)
  A howler monkey (D:9)
  5 hounds
  10 orc priests
  A gnoll bouda (D:6)
  3 iguanas (D:5)
  13 orc wizards
  4 mummies (Ossuary)
  4 gnolls (D:6)
  6 adders
  3 white imps
  An ufetubus (D:5)
  3 worms (D:3)
  A dart slug (D:1)
  57 orcs
  A bat (D:1)
  13 endoplasms
  4 giant cockroaches
  2 gnoll zombies (Ossuary)
  11 goblins
  3 hobgoblins
  5 jackals
  12 kobolds
  3 quokkas
  5 ball pythons
  3 frilled lizards
  A gnoll skeleton (Ossuary)
  4 goblin skeletons (Ossuary)
  5 goblin zombies (Ossuary)
  3 hobgoblin skeletons (Ossuary)
  6 hobgoblin zombies (Ossuary)
  5 kobold skeletons (Ossuary)
  5 kobold zombies (Ossuary)
  5 orc skeletons (Ossuary)
  4 orc zombies (Ossuary)
  8 rats
  7 rat skeletons (Ossuary)
  3 rat zombies (Ossuary)
  A spectral orc (D:4)
322 creatures vanquished.

Vanquished Creatures (others)
  A shadow (D:8)
  5 fungi (D:10)
  19 plants
25 creatures vanquished.

Grand Total: 347 creatures vanquished

Notes
Turn   | Place    | Note
-------+----------+-------------------------------------------
     0 | D:1      | qw the Troll Cinder Acolyte began the quest for the Orb.
     0 | D:1      | Reached XP level 1. HP: 22/22 MP: 1/1
     0 | D:1      | 0 ||| qw: Version: 0.1-a-97-g2dd2ca4
     0 | D:1      | 0 ||| qw: Game counter: 4983
     0 | D:1      | 0 ||| qw: Always use a shield: true
     0 | D:1      | 0 ||| qw: God list: Okawaru
     0 | D:1      | 0 ||| qw: Allow faded altars: false
     0 | D:1      | 0 ||| qw: Do Orc after D:15 true
     0 | D:1      | 0 ||| qw: Do second Lair branch before Depths: true
     0 | D:1      | 0 ||| qw: Lair rune preference: random
     0 | D:1      | 0 ||| qw: Plans: Normal
     0 | D:1      | 0 ||| PLANNING D:1-11
    91 | D:1      | You fall into a shaft and drop 1 floor!
   103 | D:2      | 103 ||| Stepping ~*~*~tactically~*~*~ (stealth).
   104 | D:2      | 104 ||| Stepping ~*~*~tactically~*~*~ (stealth).
   105 | D:2      | 105 ||| Stepping ~*~*~tactically~*~*~ (stealth).
   126 | D:2      | Reached XP level 2. HP: 24/29 MP: 2/2
   314 | D:1      | 314 ||| Stepping ~*~*~tactically~*~*~ (stealth).
   330 | D:1      | 330 ||| Stepping ~*~*~tactically~*~*~ (stealth).
   338 | D:1      | Found a faded altar of an unknown god.
   382 | D:1      | 382 ||| Stepping ~*~*~tactically~*~*~ (stealth).
   383 | D:1      | 383 ||| Stepping ~*~*~tactically~*~*~ (stealth).
   384 | D:1      | 384 ||| Stepping ~*~*~tactically~*~*~ (stealth).
   387 | D:1      | Reached skill level 4 in Unarmed Combat
   473 | D:1      | Reached XP level 3. HP: 36/36 MP: 3/3
  1115 | D:1      | 1115 ||| DROPPING scarf of invisibility.
  1116 | D:1      | 1116 ||| READING scroll labelled MEADGH QOAXKA.
  1117 | D:1      | 1117 ||| READING scroll labelled YZIDEG LADUSM.
  1118 | D:1      | 1118 ||| READING scroll labelled PECKARPH HIWO.
  1119 | D:1      | 1119 ||| DRINKING 2 coppery potions.
  1975 | D:2      | 1975 ||| READING scroll labelled BUDARH SU ETHE.
  2003 | D:3      | 2003 ||| PLANNING SEWER
  2048 | D:3      | Reached XP level 4. HP: 44/44 MP: 4/4
  2087 | D:3      | Reached skill level 5 in Unarmed Combat
  2161 | D:3      | Found a glowing drain.
  2162 | D:3      | 2162 ||| READING scroll labelled VAOSAOTUCA.
  2163 | D:3      | 2163 ||| DRINKING 3 grey potions.
  2163 | D:3      | Gained mutation: You are strong-willed. (Will+) [potion of
                  | mutation]
  2163 | D:3      | Gained mutation: You are agile. (Dex +4, Str/Int -1)
                  | [potion of mutation]
  2163 | D:3      | Gained mutation: You sometimes lose your temper in combat.
                  | [potion of mutation]
  2163 | D:3      | Gained mutation: You have very sharp teeth. [potion of
                  | mutation]
  2164 | D:3      | 2164 ||| DRINKING 2 potions of mutation.
  2164 | D:3      | Lost mutation: You have very sharp teeth. [potion of
                  | mutation]
  2164 | D:3      | Lost mutation: You sometimes lose your temper in combat.
                  | [potion of mutation]
  2164 | D:3      | Lost mutation: You are agile. (Dex +4, Str/Int -1) [potion
                  | of mutation]
  2164 | D:3      | Gained mutation: You have a beak for a mouth. [potion of
                  | mutation]
  2164 | D:3      | Lost mutation: You have a beak for a mouth. [potion of
                  | mutation]
  2165 | D:3      | 2165 ||| DRINKING 2 green potions.
  2171 | D:3      | 2171 ||| Stepping randomly (stuck).
  2173 | D:3      | 2173 ||| Stepping randomly (stuck).
  2174 | D:3      | 2174 ||| Stepping randomly (stuck).
  2175 | D:3      | 2175 ||| Stepping randomly (stuck).
  2176 | D:3      | 2176 ||| Stepping randomly (stuck).
  2177 | D:3      | 2177 ||| Stepping randomly (stuck).
  2178 | D:3      | 2178 ||| Stepping randomly (stuck).
  2179 | D:3      | 2179 ||| Stepping randomly (stuck).
  2180 | D:3      | 2180 ||| Stepping randomly (stuck).
  2182 | D:3      | 2182 ||| Stepping randomly (stuck).
  2183 | D:3      | 2183 ||| Stepping randomly (stuck).
  2184 | D:3      | 2184 ||| Stepping randomly (stuck).
  2338 | D:3      | 2338 ||| READING scroll labelled UCOAF CEDGHO.
  2339 | D:3      | 2339 ||| DRINKING 3 smoky cyan potions.
  2340 | D:3      | 2340 ||| READING 2 scrolls of identify.
  2340 | D:3      | 2340 ||| IDENTIFYING cyan potion
  2341 | D:3      | 2341 ||| DROPPING 2 potions of attraction.
  2400 | Sewer    | Entered a sewer
  2472 | Sewer    | Noticed Pargi
  2480 | Sewer    | 2480 ||| INVOKING Fiery Armour.
  2481 | Sewer    | Killed Pargi
  2482 | Sewer    | Reached skill level 6 in Unarmed Combat
  2482 | Sewer    | Reached XP level 5. HP: 21/50 MP: 5/5
  2544 | Sewer    | 2544 ||| UPGRADING to +0 troll leather armour {Pargi}.
  2554 | Sewer    | 2554 ||| DROPPING +0 robe.
  2555 | Sewer    | 2555 ||| READING scroll labelled PELELA ELUONN.
  2556 | Sewer    | 2556 ||| READING scroll labelled HYRROCHUPHY.
  2565 | D:3      | 2565 ||| PLANNING D:1-11
  2773 | D:3      | Noticed Sigmund
  2776 | D:3      | Killed Sigmund
  2777 | D:3      | Reached skill level 7 in Unarmed Combat
  2777 | D:3      | Reached XP level 6. HP: 59/59 MP: 6/6
  2853 | D:3      | 2853 ||| Stepping ~*~*~tactically~*~*~ (stealth).
  3056 | D:4      | 3056 ||| Stepping ~*~*~tactically~*~*~ (stealth).
  3066 | D:4      | Found a bloodstained altar of Trog.
  3222 | D:4      | Noticed Menkaure
  3225 | D:4      | Killed Menkaure
  3226 | D:4      | Reached skill level 8 in Unarmed Combat
  3226 | D:4      | Reached XP level 7. HP: 64/66 MP: 7/7
  3453 | D:4      | Reached skill level 3 in Fighting
  3496 | D:4      | Found a hazy altar of Hepliaklqana.
  3678 | D:4      | 3678 ||| READING scroll labelled KECOGA YNYNNUUZUJ.
  3679 | D:4      | 3679 ||| READING 3 scrolls labelled UCAFEROTUU.
  3680 | D:4      | 3680 ||| READING scroll labelled HASMUOVIAR.
  3681 | D:4      | 3681 ||| READING scroll labelled VARIBRI QY GEI.
  3682 | D:4      | 3682 ||| DRINKING 2 pink potions.
  3683 | D:4      | 3683 ||| DRINKING 2 murky blue potions.
  3684 | D:4      | 3684 ||| READING 2 scrolls of identify.
  3684 | D:4      | 3684 ||| IDENTIFYING fizzy black potion
  3685 | D:4      | 3685 ||| DROPPING potion of lignification.
  3686 | D:4      | 3686 ||| DROPPING potion of flight.
  3687 | D:4      | 3687 ||| Stepping randomly (stuck).
  3688 | D:4      | 3688 ||| Stepping ~*~*~tactically~*~*~ (cloud).
  3695 | D:4      | 3695 ||| Stepping randomly (stuck).
  3696 | D:4      | 3696 ||| Stepping ~*~*~tactically~*~*~ (cloud).
  3757 | D:5      | Entered Level 5 of the Dungeon
  3758 | D:5      | 3758 ||| PLANNING OSSUARY
  3819 | D:5      | 3819 ||| Stepping ~*~*~tactically~*~*~ (hiding).
  3830 | D:5      | Reached skill level 9 in Unarmed Combat
  3859 | D:5      | Found a sand-covered staircase.
  3865 | D:5      | 3865 ||| Stepping ~*~*~tactically~*~*~ (hiding).
  3907 | D:5      | Noticed Eustachio
  3911 | D:5      | 3911 ||| INVOKING Fiery Armour.
  3918 | D:5      | 3918 ||| Stepping ~*~*~tactically~*~*~ (outnumbered).
  3920 | D:5      | 3920 ||| Stepping ~*~*~tactically~*~*~ (outnumbered).
  3921 | D:5      | 3921 ||| Stepping ~*~*~tactically~*~*~ (outnumbered).
  3922 | D:5      | 3922 ||| Stepping ~*~*~tactically~*~*~ (outnumbered).
  3924 | D:5      | 3924 ||| Stepping ~*~*~tactically~*~*~ (outnumbered).
  3926 | D:5      | Reached XP level 8. HP: 68/75 MP: 8/8
  3927 | D:5      | 3927 ||| Stepping ~*~*~tactically~*~*~ (outnumbered).
  3929 | D:5      | 3929 ||| Stepping ~*~*~tactically~*~*~ (outnumbered).
  3933 | D:5      | Killed Eustachio
  3934 | D:5      | Reached skill level 10 in Unarmed Combat
  3999 | D:5      | Reached skill level 1 in Dodging
  4110 | D:5      | 4110 ||| READING scroll labelled ZUELOK PYNI.
  4134 | Ossuary  | Entered an ossuary
  4370 | Ossuary  | Reached skill level 1 in Armour
  4389 | Ossuary  | 4389 ||| Stepping ~*~*~tactically~*~*~ (stealth).
  4393 | Ossuary  | 4393 ||| Stepping ~*~*~tactically~*~*~ (stealth).
  4464 | Ossuary  | 4464 ||| Stepping ~*~*~tactically~*~*~ (outnumbered).
  4465 | Ossuary  | 4465 ||| Stepping ~*~*~tactically~*~*~ (outnumbered).
  4567 | Ossuary  | 4567 ||| Stepping ~*~*~tactically~*~*~ (stealth).
  4670 | Ossuary  | 4670 ||| Stepping ~*~*~tactically~*~*~ (stealth).
  4739 | Ossuary  | 4739 ||| Stepping ~*~*~tactically~*~*~ (stealth).
  4775 | Ossuary  | 4775 ||| READING 4 scrolls labelled QUONYSAETI.
  4776 | Ossuary  | 4776 ||| DRINKING 2 puce potions.
  4777 | Ossuary  | 4777 ||| DROPPING 3 scrolls of butterflies.
  4782 | D:5      | 4782 ||| PLANNING D:1-11
  4833 | D:5      | Noticed Blork the orc
  4835 | D:5      | 4835 ||| Stepping ~*~*~tactically~*~*~ (hiding).
  4842 | D:5      | Killed Blork the orc
  4869 | D:5      | Found a staircase to the Ecumenical Temple.
  5044 | D:5      | 5044 ||| DROPPING orb of energy.
  5213 | D:6      | Noticed Pikel
  5213 | D:6      | 5213 ||| Stepping ~*~*~tactically~*~*~ (stealth).
  5215 | D:6      | 5215 ||| Stepping ~*~*~tactically~*~*~ (stealth).
  5240 | D:6      | 5240 ||| Stepping ~*~*~tactically~*~*~ (stealth).
  5241 | D:6      | 5241 ||| Stepping ~*~*~tactically~*~*~ (outnumbered).
  5248 | D:6      | 5248 ||| INVOKING Fiery Armour.
  5253 | D:6      | Killed Pikel
  5254 | D:6      | Reached skill level 11 in Unarmed Combat
  5254 | D:6      | Reached XP level 9. HP: 68/84 MP: 9/9
  5260 | D:6      | 5260 ||| Stepping ~*~*~tactically~*~*~ (outnumbered).
  5261 | D:6      | 5261 ||| Stepping ~*~*~tactically~*~*~ (outnumbered).
  5266 | D:6      | 5266 ||| Stepping ~*~*~tactically~*~*~ (outnumbered).
  5339 | D:6      | Reached skill level 12 in Unarmed Combat
  5637 | D:6      | 5637 ||| UPGRADING to +2 robe of resistance.
  5647 | D:6      | 5647 ||| READING scroll labelled NOMOEVUILE.
  5748 | D:6      | 5748 ||| READING 2 scrolls of identify.
  5748 | D:6      | 5748 ||| IDENTIFYING smoky dark potion
  5749 | D:6      | 5749 ||| DROPPING potion of brilliance.
  5821 | D:7      | 5821 ||| Stepping ~*~*~tactically~*~*~ (hiding).
  5884 | D:7      | 5884 ||| Stepping ~*~*~tactically~*~*~ (outnumbered).
  6169 | D:7      | 6169 ||| Stepping ~*~*~tactically~*~*~ (hiding).
  6172 | D:7      | 6172 ||| Stepping ~*~*~tactically~*~*~ (hiding).
  6206 | D:7      | 6206 ||| UPGRADING to +0 cloak.
  6211 | D:7      | 6211 ||| UPGRADING to +1 cloak.
  6221 | D:7      | 6221 ||| DROPPING +0 cloak.
  6222 | D:7      | 6222 ||| UPGRADING to +0 kite shield.
  6227 | D:7      | 6227 ||| READING 4 scrolls of enchant armour.
  6227 | D:7      | 6227 ||| ENCHANTING +1 cloak.
  6238 | D:7      | Reached skill level 1 in Shields
  6245 | D:7      | 6245 ||| Stepping ~*~*~tactically~*~*~ (stealth).
  6248 | D:7      | 6248 ||| Stepping ~*~*~tactically~*~*~ (stealth).
  6249 | D:7      | 6249 ||| Stepping ~*~*~tactically~*~*~ (stealth).
  6348 | D:7      | Found Yfukiume's General Store.
  6356 | D:7      | 6356 ||| BUYING scroll of enchant weapon (105 gold).
  6356 | D:7      | Bought a scroll of enchant weapon for 105 gold pieces
  6356 | D:7      | 6356 ||| UPGRADING to ring of protection from cold.
  6487 | D:8      | Reached skill level 3 in Shields
  6540 | D:8      | Found a flagged portal.
  6683 | D:8      | 6683 ||| Stepping ~*~*~tactically~*~*~ (hiding).
  6685 | D:8      | Reached skill level 1 in Throwing
  6732 | D:8      | Reached XP level 10. HP: 61/96 MP: 10/10
  6823 | D:8      | 6823 ||| Stepping ~*~*~tactically~*~*~ (outnumbered).
  6920 | D:8      | Found a runed translucent door.
  6920 | D:8      | Found a shimmering altar of Xom.
  6920 | D:8      | Noticed a +2 long sword of chaos
  6920 | D:8      | Noticed qw's ghost (novice TeWr)
  7104 | D:8      | Noticed a tengu warrior
  7105 | D:8      | 7105 ||| DRINKING 2 emerald potions.
  7122 | D:8      | 7122 ||| INVOKING Fiery Armour.
  7125 | D:8      | Killed a tengu warrior
  7126 | D:8      | Reached skill level 6 in Shields
  7127 | D:8      | HP: 21/96 [acid dragon (10)]
  7128 | D:8      | 7128 ||| READING 3 scrolls of teleportation.
  7128 | D:8      | HP: 3/96 [acid dragon/splash of acid (19)]
  7129 | D:8      | 7129 ||| DRINKING potion of heal wounds.
  7299 | D:8      | Noticed a centaur warrior
  7302 | D:8      | 7302 ||| Stepping ~*~*~tactically~*~*~ (hiding).
  7320 | D:8      | Killed a centaur warrior
  7321 | D:8      | Reached skill level 3 in Throwing
  7398 | D:8      | 7398 ||| READING scroll labelled GEKHUTRUWY.
  7399 | D:8      | 7399 ||| DROPPING potion of berserk rage.
  7430 | D:9      | 7430 ||| STAIRDANCE
  7498 | D:9      | Found Wetatue's Hydra Hut.
  7499 | D:9      | 7499 ||| Stepping ~*~*~tactically~*~*~ (hiding).
  7507 | D:9      | 7507 ||| INVOKING Fiery Armour.
  7508 | D:9      | 7508 ||| Stepping ~*~*~tactically~*~*~ (outnumbered).
  7570 | D:9      | Noticed a five-headed hydra
  7614 | D:9      | 7614 ||| Stepping ~*~*~tactically~*~*~ (hiding).
  7743 | D:9      | 7743 ||| Stepping ~*~*~tactically~*~*~ (hiding).
  7744 | D:9      | 7744 ||| Stepping ~*~*~tactically~*~*~ (hiding).
  7745 | D:9      | 7745 ||| Stepping ~*~*~tactically~*~*~ (hiding).
  7772 | D:9      | 7772 ||| Stepping ~*~*~tactically~*~*~ (stealth).
  7837 | D:9      | Noticed a two-headed ogre
  7843 | D:9      | Killed a two-headed ogre
  7849 | D:9      | 7849 ||| FLEEEEING.
  7850 | D:9      | 7850 ||| FLEEEEING.
  7851 | D:9      | 7851 ||| FLEEEEING.
  7853 | D:9      | 7853 ||| FLEEEEING.
  7854 | D:9      | 7854 ||| FLEEEEING.
  7855 | D:9      | 7855 ||| FLEEEEING.
  7856 | D:9      | 7856 ||| FLEEEEING.
  7860 | D:9      | 7860 ||| FLEEEEING.
  7862 | D:9      | 7862 ||| FLEEEEING.
  7863 | D:9      | 7863 ||| FLEEEEING.
  7864 | D:9      | 7864 ||| FLEEEEING.
  7865 | D:9      | 7865 ||| FLEEEEING.
  7870 | D:9      | Reached XP level 11. HP: 88/102 MP: 11/11
  7902 | D:9      | 7902 ||| Stepping ~*~*~tactically~*~*~ (stealth).
  7916 | D:9      | 7916 ||| Stepping ~*~*~tactically~*~*~ (outnumbered).
  8030 | D:9      | Noticed Harold
  8031 | D:9      | 8031 ||| Stepping ~*~*~tactically~*~*~ (hiding).
  8046 | D:9      | 8046 ||| INVOKING Fiery Armour.
  8047 | D:9      | Killed Harold
  8048 | D:9      | Reached skill level 9 in Shields
  8288 | D:9      | 8288 ||| Stepping ~*~*~tactically~*~*~ (hiding).
  8513 | D:9      | 8513 ||| READING 2 scrolls of identify.
  8513 | D:9      | 8513 ||| IDENTIFYING ruby potion
  8514 | D:9      | 8514 ||| DROPPING potion of invisibility.
  8534 | D:10     | Entered Level 10 of the Dungeon
  8578 | D:10     | Reached skill level 13 in Unarmed Combat
  8635 | D:10     | 8635 ||| Stepping ~*~*~tactically~*~*~ (stealth).
  8639 | D:10     | 8639 ||| Stepping ~*~*~tactically~*~*~ (stealth).
  8640 | D:10     | 8640 ||| Stepping ~*~*~tactically~*~*~ (stealth).
  8644 | D:10     | 8644 ||| Stepping ~*~*~tactically~*~*~ (stealth).
  8655 | D:10     | 8655 ||| Stepping ~*~*~tactically~*~*~ (outnumbered).
  8656 | D:10     | 8656 ||| Stepping ~*~*~tactically~*~*~ (outnumbered).
  8670 | D:10     | 8670 ||| FLEEEEING.
  8671 | D:10     | 8671 ||| FLEEEEING.
  8672 | D:10     | 8672 ||| FLEEEEING.
  8673 | D:10     | 8673 ||| FLEEEEING.
  8674 | D:10     | 8674 ||| FLEEEEING.
  8675 | D:10     | 8675 ||| FLEEEEING.
  8676 | D:10     | 8676 ||| FLEEEEING.
  8677 | D:10     | 8677 ||| FLEEEEING.
  8678 | D:10     | 8678 ||| FLEEEEING.
  8679 | D:10     | 8679 ||| FLEEEEING.
  8680 | D:10     | 8680 ||| FLEEEEING.
  8681 | D:10     | 8681 ||| FLEEEEING.
  8682 | D:10     | 8682 ||| FLEEEEING.
  8683 | D:10     | 8683 ||| FLEEEEING.
  8684 | D:10     | 8684 ||| FLEEEEING.
  8685 | D:10     | 8685 ||| FLEEEEING.
  8686 | D:10     | 8686 ||| FLEEEEING.
  8687 | D:10     | 8687 ||| FLEEEEING.
  8688 | D:10     | 8688 ||| FLEEEEING.
  8689 | D:10     | 8689 ||| FLEEEEING.
  8697 | D:10     | 8697 ||| FLEEEEING.
  8698 | D:10     | 8698 ||| FLEEEEING.
  8699 | D:10     | 8699 ||| FLEEEEING.
  8700 | D:10     | 8700 ||| FLEEEEING.
  8701 | D:10     | 8701 ||| FLEEEEING.
  8722 | D:10     | 8722 ||| Stepping ~*~*~tactically~*~*~ (hiding).
  8789 | D:10     | 8789 ||| Stepping ~*~*~tactically~*~*~ (stealth).
  8812 | D:10     | 8812 ||| INVOKING Fiery Armour.
  8813 | D:10     | 8813 ||| Stepping ~*~*~tactically~*~*~ (outnumbered).
  8820 | D:10     | 8820 ||| Stepping ~*~*~tactically~*~*~ (outnumbered).
  8823 | D:10     | 8823 ||| Stepping ~*~*~tactically~*~*~ (outnumbered).
  8831 | D:10     | 8831 ||| FLEEEEING.
  8834 | D:10     | 8834 ||| FLEEEEING.
  8835 | D:10     | 8835 ||| FLEEEEING.
  8836 | D:10     | 8836 ||| FLEEEEING.
  8837 | D:10     | 8837 ||| FLEEEEING.
  8838 | D:10     | 8838 ||| FLEEEEING.
  8839 | D:10     | 8839 ||| FLEEEEING.
  8857 | D:10     | 8857 ||| FLEEEEING.
  8858 | D:10     | 8858 ||| FLEEEEING.
  8859 | D:10     | 8859 ||| FLEEEEING.
  8861 | D:10     | 8861 ||| STAIRDANCE
  8886 | D:10     | 8886 ||| STAIRDANCE
  8892 | D:10     | 8892 ||| STAIRDANCE
  8915 | D:10     | 8915 ||| Stepping ~*~*~tactically~*~*~ (stealth).
  8917 | D:10     | 8917 ||| Stepping ~*~*~tactically~*~*~ (hiding).
  8929 | D:10     | 8929 ||| Stepping ~*~*~tactically~*~*~ (stealth).
  8945 | D:10     | 8945 ||| Stepping ~*~*~tactically~*~*~ (stealth).
  8947 | D:10     | 8947 ||| Stepping ~*~*~tactically~*~*~ (stealth).
  8948 | D:10     | 8948 ||| Stepping ~*~*~tactically~*~*~ (stealth).
  8950 | D:10     | 8950 ||| Stepping ~*~*~tactically~*~*~ (stealth).
  8951 | D:10     | 8951 ||| Stepping ~*~*~tactically~*~*~ (stealth).
  8963 | D:10     | 8963 ||| Stepping ~*~*~tactically~*~*~ (stealth).
  8975 | D:10     | Found a staircase to the Orcish Mines.
  8976 | D:10     | 8976 ||| Stepping ~*~*~tactically~*~*~ (hiding).
  8977 | D:10     | 8977 ||| Stepping ~*~*~tactically~*~*~ (hiding).
  9016 | D:10     | 9016 ||| Stepping ~*~*~tactically~*~*~ (hiding).
  9017 | D:10     | 9017 ||| Stepping ~*~*~tactically~*~*~ (hiding).
  9040 | D:10     | 9040 ||| Stepping ~*~*~tactically~*~*~ (stealth).
  9156 | D:10     | Found a staircase to the Lair.
  9200 | D:10     | 9200 ||| Stepping ~*~*~tactically~*~*~ (stealth).
  9201 | D:10     | 9201 ||| Stepping ~*~*~tactically~*~*~ (stealth).
  9203 | D:10     | 9203 ||| Stepping ~*~*~tactically~*~*~ (hiding).
  9582 | D:10     | Found a white marble altar of Elyvilon.
  9856 | D:10     | 9856 ||| UPGRADING to +6 ring of strength.
  9857 | D:10     | 9857 ||| READING 3 scrolls of identify.
  9857 | D:10     | 9857 ||| IDENTIFYING sapphire potion
  9858 | D:10     | 9858 ||| READING 2 scrolls of identify.
  9858 | D:10     | 9858 ||| IDENTIFYING sedimented purple potion
  9859 | D:10     | 9859 ||| DROPPING potion of magic.
  9906 | D:10     | 9906 ||| READING 3 scrolls of teleportation.
  9907 | D:10     | 9907 ||| STAIRDANCE
  9971 | D:11     | 9971 ||| STAIRDANCE
 10106 | D:11     | Noticed a two-headed ogre
 10107 | D:11     | 10107 ||| INVOKING Fiery Armour.
 10110 | D:11     | 10110 ||| Stepping ~*~*~tactically~*~*~ (outnumbered).
 10113 | D:11     | Reached skill level 14 in Unarmed Combat
 10115 | D:11     | Killed a two-headed ogre
 10170 | D:11     | Noticed Urug
 10184 | D:11     | HP: 17/104 [something (20)]
 10186 | D:11     | HP: 3/104 [something (16)]
 10188 | D:11     | Slain by Urug

Levels and vault maps discovered:
D:1:      dpeg_arrival_boxorama, layout_basic, chequers_ecumenical_altar_simple
D:2:      layout_basic
D:3:      layout_basic, cheibrodos_sewer_entry_bend, uniq_sigmund
D:4:      layout_loops_cross, nicolae_overflow_crystal_walls,
          nicolae_hepliaklqana_monster_ancestors, serial_bayou_pond_d,
          uniq_menkaure
D:5:      layout_basic, minmay_temple_entry_trees,
          nicolae_ossuary_entry_false_entrances, kennysheep_generic_room_4,
          uniq_blork_the_orc, uniq_eustachio
D:6:      nicolae_cairo_tiling_large, layout_basic,
          chequers_serial_rivers_micro_c, uniq_pikel
D:7:      minmay_chambers_of_fours, layout_basic, serial_shops,
          nicolae_shop_trees
D:8:      layout_loops_cross, ebering_ghost_xom, enter_bailey_4,
          minmay_shattered_shrine
D:9:      minmay_evil_eye, layout_basic, doesnt_shop_hydraphobe, uniq_harold
D:10:     layout_loops_ring, nicolae_overflow_hidden_temple,
          minmay_lair_entry_grove, hiddenorc2_lemuel
D:11:     minmay_distorted_concentric_squares, layout_cave_pods, uniq_urug

Skill      XL: |  1  2  3  4  5  6  7  8  9 10 11 |
---------------+----------------------------------+-----
Unarmed Combat | 4 6 7 8 9 11 12 14 | 14.0
Fighting       | 3 4 5 |  5.5
Dodging        | 1 |  1.4
Armour         | 1 |  1.0
Shields        | 3 8 10 | 10.0
Throwing       | 1 3 4 |  4.3
Spellcasting   | |  1.0
Fire Magic     | |  2.1

Action                   |  1- 3 |  4- 6 |  7- 9 | 10-12 || total
-------------------------+-------+-------+-------+-------++-------
Melee: Unarmed           |   106 |    74 |   347 |   361 ||   888
       Punch             |     2 |     3 |    14 |       ||    19
Throw: Javelin           |       |       |     6 |    50 ||    56
       Boomerang         |       |       |     1 |    11 ||    12
       Large rock        |       |       |       |     1 ||     1
Invok: Fiery Armour      |       |     1 |     2 |     5 ||     8
  Use: Scroll            |     4 |     5 |    10 |     6 ||    25
       Potion            |     1 |     4 |     3 |     2 ||    10
Armor: Robe              |    35 |    14 |    32 |   122 ||   203
       Troll leather arm |       |     8 |    61 |       ||    69
Dodge: Dodged            |    25 |    23 |    94 |    75 ||   217
Block: Kite shield       |       |       |     9 |   124 ||   133

Table legend:
 A = Non-vault XP
 B = Vault XP
 C = Vault XP percentage of total XP
 D = Non-vault monster count
 E = Vault monster count
 F = Vault count percentage of total count
                 A         B        C        D         E       F
            +---------+---------+-------+---------+---------+-------
      Total |   11661 |    8668 |  42.6 |     183 |     137 |  42.8
            +---------+---------+-------+---------+---------+-------
        D:1 |      46 |       0 |   0.0 |      26 |       0 |   0.0
        D:2 |      47 |       0 |   0.0 |      14 |       0 |   0.0
        D:3 |      81 |     224 |  73.4 |      17 |       3 |  15.0
        D:4 |     244 |     176 |  41.9 |      15 |       3 |  16.7
        D:5 |     796 |     293 |  26.9 |      15 |       3 |  16.7
        D:6 |     793 |     593 |  42.8 |      17 |       1 |   5.6
        D:7 |     712 |     649 |  47.7 |      11 |       6 |  35.3
        D:8 |    1003 |    2558 |  71.8 |      18 |      15 |  45.5
        D:9 |    4191 |    1215 |  22.5 |      28 |       4 |  12.5
       D:10 |    1872 |    2699 |  59.0 |      18 |      45 |  71.4
       D:11 |    1876 |       0 |   0.0 |       4 |       0 |   0.0
      Sewer |       0 |     139 | 100.0 |       0 |       3 | 100.0
    Ossuary |       0 |     122 | 100.0 |       0 |      54 | 100.0
            +---------+---------+-------+---------+---------+-------
